 Dungeon Crawl Stone Soup version 0.30-a0-782-ge64f9170bb (webtiles) character file.

Game seed: 3564427347782985123

666 Dirtsage the Ruffian (level 7, 0/52 HPs)
             Began as a Demonspawn Fighter on Mar 6, 2023.
             Splashed by a jelly's acid (7 damage)
             ... on level 5 of the Dungeon on Mar 7, 2023.
             The game lasted 00:09:00 (4256 turns).

Dirtsage the Ruffian (Demonspawn Fighter)           Turns: 4256, Time: 00:09:00

Health: 0/52       AC:  3    Str: 21    XL:     7   Next: 31%
Magic:  0/7        EV: 15    Int:  9    God:
Gold:   396        SH:  4    Dex: 12    Spells: 6/6 levels left

rFire   . . .      SeeInvis .      - Unarmed
rCold   + . .      Faith    .    c - +0 buckler
rNeg    . . .      Spirit   +    p - +4 ring mail "Dapt" {rC+ Str+2}
rPois   .          Reflect  .    (helmet restricted)
rElec   .          Harm     .    v - +0 cloak
rCorr   .          Rampage  .    (no gloves)
Will    .....                    j - +0 pair of boots
Stlth   +                        o - amulet of guardian spirit
HPRegen 0.28/turn                (no ring)
MPRegen 0.10/turn                (no ring)

@: agile, corroded
A: antennae 2, claws 1, powered by pain 1
a: no special abilities


You were on level 5 of the Dungeon.
You visited 1 branch of the dungeon, and saw 6 of its levels.
You also visited: Ossuary.

You collected 396 gold pieces.

Inventory:

Armour
 c - a +0 buckler (worn)
 j - a +0 pair of boots (worn)
 p - the +4 ring mail "Dapt" (worn) {rC+ Str+2}
   (You found it on level 3 of the Dungeon)

   Str:       It affects your strength (+2).
   rC:        It protects you from cold.
 v - a +0 cloak (worn)
Jewellery
 o - an amulet of guardian spirit (around neck)
Wands
 f - a wand of flame (15)
Scrolls
 a - 3 scrolls of poison
 b - a scroll of summoning {unknown}
 e - 3 scrolls of immolation
 g - 2 scrolls of fear
 s - 3 scrolls of fog
 t - 4 scrolls of teleportation
 w - 2 scrolls of enchant armour
 x - a scroll of magic mapping
 B - a scroll of blinking
Potions
 d - a potion of might
 h - a potion of attraction {unknown}
 k - a potion of brilliance {unknown}
 l - 2 potions of flight {unknown}
 m - 2 potions of cancellation {unknown}
 n - 3 potions of mutation
 q - 8 potions of curing
 r - a potion of heal wounds {unknown}
 u - a potion of invisibility {unknown}
 z - 2 potions of lignification


   Skills:
 - Level 3.0 Fighting
 - Level 2.5 Axes
 - Level 2.6 Armour
 - Level 2.6 Shields
 * Level 7.0 Unarmed Combat


You had 6 spell levels left.
You didn't know any spells.
Your spell library contained the following spells:

 Spells                   Type           Power      Damage    Failure   Level
 Apportation              Tloc           0%         N/A       65%         1
 Necrotise                Necr           0%         1d4       65%         1
 Summon Small Mammal      Summ           0%         N/A       65%         1
 Scorch                   Fire           0%         2d5       78%         2
 Dazzling Flash           Conj/Hex       0%         N/A       95%         3
 Flame Wave               Conj/Fire      0%         2d4       100%        4
 Iskenderun's Mystic Bla  Conj/Tloc      0%         2d3       100%        4
 Starburst                Conj/Fire      0%         6d3       100%        6
 Summon Cactus Giant      Summ           0%         N/A       100%        6


Dungeon Overview and Level Annotations

Branches:
Dungeon (6/15)            Ossuary (visited)
 Temple: D:4-7

Altars:
Cheibriados
Fedhas
Hepliaklqana
Qazlal
Sif Muna


Innate Abilities, Weirdness & Mutations

You have a pair of antennae on your head.
You have sharp fingernails.
You sometimes gain a little power by taking damage.


Message History

The acid dragon bites you. The acid dragon barely misses you.
You take 5 damage, and have 27/52 hp.
You now have 2/7 mp.
You closely miss the acid dragon.
The acid dragon is almost dead.
A phantom comes into view.
The acid dragon barely misses you. x2
You closely miss the acid dragon.
The acid dragon is almost dead.
The acid dragon bites you!
You focus on the pain.
You feel your power returning.
The acid dragon claws you but does no damage.
You take 10 damage, and have 17/52 hp.
MP restored: 7
Okay, then.
The acid dragon spits acid at you. The splash of acid hits you!!
* * * LOW HITPOINT WARNING * * *
You focus on the pain.
You feel agile all of a sudden. The acid corrodes you!
There is a stone staircase leading up here.
You take 12 damage, and have 5/52 hp.
MASSIVE DAMAGE!!
You now have 1/7 mp.
The jelly barely misses you.
You climb upwards.
There is a stone staircase leading down here.
You scratch the jelly.
Your claws burn!
* * * LOW HITPOINT WARNING * * *
The jelly is moderately wounded.
You take 3 damage, and have 3/52 hp.
You now have 1/7 mp.
It was a potion of curing.
You feel better.
q - 8 potions of curing;
u - a coppery potion The jelly misses you.
You regained 9 hp, and now have 12/52 hp.
You claw the jelly!
Your claws burn!
* * * LOW HITPOINT WARNING * * *
The jelly is severely wounded.
The jelly hits you.
* * * LOW HITPOINT WARNING * * *
The acid corrodes you!
You are splashed with acid!
You die...

......................##...#....#
...........................'....#
......................######....#
......................# #....#
......................######....#
........).............#.........#
......................#..........
......................#..........
...........(....@.....#..........
................J.....#..........
......................#..........
......................#..........
......................###########
#####..#.#.############ #
#####..#.#.# # .......#...# #
######.#####


You could see a jelly.

Vanquished Creatures
  A phantom (D:5)
  A jelly (D:5)
  3 hounds
  A human zombie (Ossuary)
  3 iguanas
  Natasha (thrice) (D:3)
  Terence (D:3)
  3 mummies (Ossuary)
  7 adders
  6 gnolls
  3 worms (D:2)
  2 dart slugs
  2 orcs
  7 endoplasms
  6 giant cockroaches
  9 hobgoblins
  5 jackals
  4 quokkas
  6 ball pythons
  7 bats
  2 frilled lizards
  8 goblins
  3 hobgoblin zombies (Ossuary)
  6 kobolds
  2 kobold zombies (Ossuary)
  2 orc zombies (Ossuary)
  6 rats
109 creatures vanquished.

Notes
Turn   | Place    | Note
-------+----------+-------------------------------------------
     0 | D:1      | Dirtsage the Demonspawn Fighter began the quest for the
                  | Orb.
     0 | D:1      | Reached XP level 1. HP: 18/18 MP: 1/1
    82 | D:1      | Discovered your monstrous ancestry.
    82 | D:1      | Gained mutation: You have a pair of small antennae on your
                  | head. [demonic ancestry]
    82 | D:1      | Reached XP level 2. HP: 23/24 MP: 2/2
   304 | D:1      | Reached skill level 1 in Unarmed Combat
   571 | D:1      | Gained mutation: You have sharp fingernails. [demonic
                  | ancestry]
   571 | D:1      | Reached XP level 3. HP: 29/29 MP: 3/3
   761 | D:2      | Reached skill level 2 in Unarmed Combat
  1044 | D:2      | Saving game... please wait.
  1210 | D:2      | Gained mutation: You sometimes gain a little power by
                  | taking damage. [demonic ancestry]
  1210 | D:2      | Reached XP level 4. HP: 23/35 MP: 4/4
  1539 | D:3      | Found a hazy altar of Hepliaklqana.
  1539 | D:3      | Found a stormy altar of Qazlal.
  1553 | D:3      | Found a shimmering blue altar of Sif Muna.
  1554 | D:3      | Found a blossoming altar of Fedhas.
  1585 | D:3      | Noticed Natasha
  1610 | D:3      | Reached skill level 3 in Unarmed Combat
  1640 | D:3      | Killed Natasha
  1740 | D:3      | Noticed Natasha
  1754 | D:3      | Killed Natasha
  1755 | D:3      | Reached XP level 5. HP: 25/41 MP: 5/5
  1815 | D:3      | Identified the +4 ring mail "Dapt" {rC+ Str+2}
  1890 | D:3      | Noticed Terence
  1902 | D:3      | Killed Terence
  1903 | D:3      | Reached skill level 4 in Unarmed Combat
  2256 | D:3      | Noticed Natasha
  2265 | D:3      | Killed Natasha
  2450 | D:4      | Reached skill level 5 in Unarmed Combat
  2450 | D:4      | Gained mutation: You have a pair of antennae on your head.
                  | [demonic ancestry]
  2450 | D:4      | Reached XP level 6. HP: 37/47 MP: 4/6
  3150 | D:5      | Entered Level 5 of the Dungeon
  3166 | D:5      | Reached skill level 6 in Unarmed Combat
  3396 | D:5      | Reached XP level 7. HP: 33/52 MP: 7/7
  3447 | D:5      | Found a sand-covered staircase.
  3459 | Ossuary  | Entered an ossuary
  4115 | D:5      | Found a snail-covered altar of Cheibriados.
  4165 | D:5      | Reached skill level 7 in Unarmed Combat
  4256 | D:5      | Splashed by a jelly's acid

Illustrated notes

Levels and vault maps discovered:
D:1:      dpeg_arrival_rhombus, layout_basic, hangedman_feature_mirror,
          grunt_decor_one_mirror, hex_intersection, minmay_heptomino_h4
D:2:      layout_basic, minmay_mini_jars
D:3:      layout_rooms, grunt_temple_overflow_open, uniq_terence, uniq_natasha
D:4:      layout_loops_cross, chequers_jeans, minmay_misc_feat_alley
D:5:      layout_basic, lemuel_round_altar, enter_ossuary_1
D:6:      layout_basic, minmay_temple_entry_arrows, serial_shops, shop,
          nicolae_shop_advertising_works [nicolae_subvault_shop_adworks],
          nicolae_shop_hallway_plus, kennysheep_mini, lemuel_flamethrower_2,
          uniq_blork_the_orc

Skill      XL: |  1  2  3  4  5  6  7 |
---------------+----------------------+-----
Axes           | 2 |  2.5
Unarmed Combat | 1 2 3 5 6 7 |  7.0
Fighting       | |  3.0
Armour         | |  2.6
Shields        | |  2.6

Action                     |  1- 3 |  4- 6 |  7- 9 || total
---------------------------+-------+-------+-------++-------
  Melee: War axe           |    78 |       |       ||    78
         Unarmed           |    80 |   210 |   102 ||   392
    Use: Scroll            |       |       |     9 ||     9
         Potion            |       |       |     1 ||     1
 Armour: Scale mail        |    74 |    27 |       ||   101
         Ring mail         |       |    57 |    22 ||    79
  Dodge: Dodged            |    71 |    83 |    36 ||   190
  Block: Buckler           |    34 |    34 |     9 ||    77

Table legend: (Time is in decaauts)
 A = Elapsed time spent in this place.
 B = Non-inter-level travel time spent in this place.
 C = Inter-level travel time spent in this place.
 D = Time resting spent in this place.
 E = Time spent auto-exploring this place.
 F = Levels seen in this place.
 G = Mean time per level.
                   A        B        C        D        E       F      G
               +--------+--------+--------+--------+--------+-----+--------+
         Total |   4299 |   4181 |    118 |    289 |   2920 |   7 |  614.1 |
       Dungeon |   3986 |   3868 |    118 |    198 |   2801 |   6 |  664.3 |
       Ossuary |    313 |    313 |      0 |     91 |    119 |   1 |  313.0 |
               +--------+--------+--------+--------+--------+-----+--------+

Top non-repeatable levels by time:
     D:2: 922 daAuts
     D:3: 894 daAuts
     D:5: 766 daAuts
     D:4: 737 daAuts
     D:1: 650 daAuts
 Ossuary: 313 daAuts
     D:6: 14 daAuts
